Map: Ulrena

Players

ILLBdA - Winner!

  • Race: Protoss Protoss
  • League: Diamond

SinSangYD

  • Race: Zerg Zerg
  • League: Diamond

VOD

Have the link to the VOD?

Description

Time

  • Played on: Dec. 14, 2015, 10:22 a.m.
  • Length: 15:47
Show
View Real Time Build Order
Export as new Build Order

ILLBdA Protoss - Winner!

Build Orders: 1 Gate Expand 

Get SALT Encoding   

  12  0:00  Probe (Chrono Boost)  
  13  0:11  Probe (Chrono Boost)  
  14  0:21  Pylon  
  14  0:23  Probe (Chrono Boost)  
  15  0:39  Probe (Chrono Boost)  
  17  0:50  Probe (Chrono Boost)  
  17  0:53  Gateway  
  17  1:13  Nexus  
  17  1:17  Probe (Chrono Boost)  
  18  1:20  Assimilator  
  18  1:28  Probe (Chrono Boost)  
  18  1:29  Assimilator  
  19  1:39  Probe (Chrono Boost)  
  20  1:45  Cybernetics Core  
  20  1:49  Probe (Chrono Boost)  
  21  1:56  Pylon  
  21  2:00  Probe (Chrono Boost)  
  22  2:10  Probe (Chrono Boost)  
  22  2:14  Pylon  
  23  2:19  Pylon  
  23  2:21  Mothership Core (Chrono Boost)  
  25  2:24  Adept (Chrono Boost)  
  25  2:27  Warp Gate  
  27  2:31  Probe  
  28  2:41  Gateway  
  28  2:47  Sentry (Chrono Boost)  
  28  2:48  Probe (Chrono Boost)  
  31  2:56  Gateway  
  31  3:03  Probe x2 (Chrono Boost)  
  33  3:17  Gateway  
  33  3:23  Pylon  
  33  3:24  Pylon  
  33  3:29  Sentry x2  
  33  3:34  Probe x2 (Chrono Boost)  
  39  3:44  Probe x2 (Chrono Boost)  
  41  3:50  Stargate  
  41  3:55  Probe (Chrono Boost)  
  43  3:56  Probe (Chrono Boost)  
  43  4:05  Probe (Chrono Boost)  
  43  4:07  Assimilator  
  43  4:08  Assimilator  
  45  4:10  Probe (Chrono Boost)  
  45  4:13  Pylon  
  45  4:16  Probe (Chrono Boost)  
  46  4:20  Probe (Chrono Boost)  
  47  4:31  Sentry  
  47  4:32  Sentry  
  47  4:33  Adept x2  
  55  4:42  Phoenix  
  57  5:01  Nexus  
  57  5:19  Phoenix  
  57  5:28  Sentry x3  
  63  5:31  Probe (Chrono Boost)  
  64  5:37  Pylon  
  64  5:38  Probe (Chrono Boost)  
  64  5:39  Pylon  
  64  5:40  Pylon  
  65  5:44  Phoenix  
  67  5:50  Sentry  
  67  5:51  Probe (Chrono Boost)  
  67  5:52  Probe (Chrono Boost)  
  67  5:55  Zealot  
  73  6:00  Twilight Council  
  73  6:02  Probe x2 (Chrono Boost)  
  75  6:08  Zealot x2  
  79  6:12  Probe (Chrono Boost)  
  79  6:13  Probe (Chrono Boost)  
  79  6:15  Probe (Chrono Boost)  
  82  6:18  Phoenix  
  82  6:21  Pylon  
  82  6:23  Probe x2 (Chrono Boost)  
  87  6:25  Probe (Chrono Boost)  
  87  6:28  Sentry x2  
  91  6:33  Probe (Chrono Boost)  
  91  6:34  Probe (Chrono Boost)  
  91  6:36  Probe (Chrono Boost)  
  94  6:41  Gateway  
  94  6:44  Probe x2 (Chrono Boost)  
  94  6:45  Gateway  
  94  6:46  Sentry x2  
  100  6:47  Gateway  
  100  6:49  Assimilator  
  100  6:59  Probe (Chrono Boost)  
  100  7:00  Zealot  
  100  7:01  Zealot  
  105  7:11  Gateway  
  105  7:13  Probe (Chrono Boost), Forge  
  105  7:14  Pylon  
  106  7:16  Zealot  
  106  7:17  Zealot  
  106  7:22  Probe (Chrono Boost)  
  110  7:23  Charge (Chrono Boost)  
  110  7:25  Phoenix  
  110  7:26  Zealot x2  
  117  7:33  Probe  
  117  7:34  Probe  
  117  7:36  Robotics Facility  
  119  7:50  Zealot x2, Phoenix  
  119  7:51  Zealot x2  
  127  7:55  Probe  
  127  7:57  Probe  
  130  8:00  Templar Archives  
  130  8:01  Assimilator  
  131  8:15  Phoenix  
  133  8:20  Pylon  
  133  8:21  Pylon  
  133  8:22  Pylon  
  133  8:36  Protoss Ground Weapons Level 1  
  133  8:38  Observer  
  133  8:40  Phoenix  
  136  8:43  High Templar x2  
  136  8:45  Zealot x3  
  136  8:46  Zealot  
  148  8:51  Probe  
  148  8:54  Nexus  
  148  8:55  Archon  
  149  8:56  Probe, Pylon  
  149  8:59  Pylon, Photon Cannon  
  149  9:01  Photon Cannon  
  150  9:05  Phoenix  
  110  9:17  Zealot x4  
  108  9:25  Immortal (Chrono Boost)  
  108  9:27  Zealot x2  
  108  9:28  Zealot  
  118  9:36  Probe  
  118  9:38  High Templar x4  
  123  9:42  Archon x2  
  127  9:48  Gateway  
  127  9:49  Gateway x2  
  127  9:54  High Templar x2  
  127  9:58  Archon  
  127  9:59  Immortal  
  131  10:01  Probe  
  131  10:04  Photon Cannon  
  131  10:06  Probe x2  
  138  10:13  High Templar x2  
  142  10:17  Archon  
  142  10:21  Zealot x3  
  144  10:26  Assimilator x2  
  146  10:33  Immortal  
  121  10:38  Zealot  
  121  10:39  Zealot  
  127  10:50  Probe  
  128  10:59  High Templar x4  
  128  11:03  Archon x2  
  136  11:05  Probe  
  136  11:06  Probe  
  136  11:07  Immortal, Pylon  
  136  11:09  Zealot x5  
  136  11:10  Zealot  
  154  11:18  Photon Cannon  
  154  11:23  Photon Cannon  
  154  11:28  High Templar x2  
  154  11:30  High Templar  
  154  11:31  High Templar  
  154  11:32  Archon  
  162  11:36  Archon  
  162  11:39  Pylon  
  162  11:42  Pylon  
  162  11:44  High Templar x2  
  162  11:45  Immortal  
  166  11:48  Archon  
  166  11:53  Nexus  
  170  11:54  Zealot x4  
  170  11:55  Pylon  
  170  11:57  Pylon  
  178  12:20  Zealot x2  
  178  12:21  Zealot x6  
  178  12:22  Observer  
  195  12:41  Probe  
  195  12:42  Probe  
  195  12:43  Probe, Protoss Ground Weapons Level 2 (Chrono Boost)  
  198  12:50  High Templar x3  
  198  12:51  High Templar x4  
  192  12:54  Archon x2  
  192  12:55  Archon  
  196  13:02  Probe  
  197  13:11  Observer  
  197  13:12  Probe  
  199  13:14  Pylon  
  199  13:15  Pylon  
  199  13:18  Photon Cannon  
  199  13:19  Photon Cannon  
  199  13:20  Probe  
  199  13:21  Photon Cannon  
  199  13:23  Photon Cannon  
  200  13:37  Stargate  
  200  13:40  Stargate  
  156  13:59  Pylon  
  156  14:01  Pylon  
  156  14:03  Pylon  
  156  14:05  Pylon  
  156  14:06  Pylon, Zealot x4  
  156  14:07  Zealot x4  
  156  14:08  Zealot x2  
  156  14:23  Phoenix x3  
  156  14:28  Gateway  
  156  14:48  Phoenix x3  
  156  15:03  High Templar x5  
  156  15:04  High Templar  
  156  15:07  Archon x3  
  156  15:26  Gateway  
  156  15:29  Pylon  
  156  15:30  Gateway  
  156  15:32  Gateway  
Show
View Real Time Build Order
Export as new Build Order

SinSangYD Zerg 

Build Orders: Hatch First 

Get SALT Encoding   

  12  0:01  Drone  
  13  0:13  Overlord  
  13  0:19  Drone  
  14  0:31  Drone x2  
  16  0:36  Drone  
  17  0:58  Hatchery  
  17  0:59  Drone  
  17  1:14  Spawning Pool  
  17  1:17  Drone  
  17  1:41  Hatchery  
  17  1:42  Drone  
  17  1:46  Drone  
  18  1:52  Overlord  
  18  1:56  Drone  
  19  2:04  Drone  
  20  2:10  Zergling x2  
  21  2:17  Zergling x2  
  21  2:19  Queen  
  24  2:24  Queen  
  26  2:32  Zergling x2  
  26  2:33  Zergling x2  
  26  2:35  Drone  
  26  2:36  Drone  
  30  2:42  Drone  
  31  2:48  Drone  
  31  2:49  Extractor  
  31  2:53  Queen  
  31  2:54  Drone  
  31  2:55  Drone  
  35  2:59  Drone  
  35  3:04  Drone  
  37  3:07  Overlord  
  35  3:17  Roach Warren, Drone  
  35  3:19  Drone  
  36  3:20  Drone  
  38  3:27  Drone  
  38  3:28  Drone  
  38  3:30  Drone  
  38  3:31  Drone x2  
  42  3:35  Drone  
  42  3:37  Overlord  
  43  3:47  Extractor  
  43  3:48  Drone x2  
  43  3:49  Extractor  
  43  3:55  Metabolic Boost  
  43  3:57  Overlord  
  43  3:59  Zergling x6  
  43  4:00  Zergling x4  
  48  4:05  Zergling x2  
  48  4:06  Zergling x4  
  48  4:07  Zergling x2  
  48  4:09  Drone  
  53  4:11  Drone  
  53  4:12  Drone  
  53  4:14  Drone  
  53  4:15  Drone  
  57  4:22  Drone  
  57  4:24  Drone  
  59  4:28  Drone x3  
  62  4:33  Drone x3  
  62  4:36  Overlord  
  65  4:41  Overlord x2  
  65  4:46  Lair  
  62  5:04  Zergling x10  
  62  5:05  Zergling x8  
  62  5:06  Zergling x4  
  62  5:07  Zergling x2  
  64  5:20  Zergling x4  
  60  5:21  Zergling x2  
  60  5:22  Zergling x4  
  59  5:29  Queen  
  59  5:33  Spore Crawler  
  60  5:36  Spore Crawler, Drone x3  
  57  5:50  Drone  
  57  5:51  Drone x4  
  57  5:55  Drone x3, Hydralisk Den  
  63  5:58  Evolution Chamber  
  63  6:00  Evolution Chamber, Drone  
  63  6:03  Drone  
  63  6:07  Drone  
  64  6:19  Spore Crawler  
  64  6:22  Drone  
  64  6:26  Drone x3  
  64  6:27  Hydralisk x5  
  64  6:29  Zerg Missile Weapons Level 1, Zerg Ground Armor Level 1  
  77  6:34  Hydralisk  
  77  6:39  Muscular Augments  
  79  6:41  Hydralisk  
  81  6:48  Overlord  
  81  6:49  Overlord x2  
  81  7:09  Hydralisk x3  
  81  7:12  Hydralisk x4  
  81  7:13  Hydralisk x2  
  81  7:14  Hydralisk  
  101  7:16  Drone x3  
  101  7:21  Extractor  
  101  7:22  Drone, Extractor x2  
  102  7:23  Drone x2  
  102  7:25  Overlord  
  104  7:35  Drone  
  104  7:36  Drone  
  103  7:44  Hydralisk x2  
  103  7:49  Hydralisk x3  
  113  7:53  Zergling x2  
  113  7:54  Overlord x2  
  114  8:03  Overlord x2  
  114  8:12  Drone  
  115  8:13  Drone x2  
  115  8:15  Zergling x4  
  115  8:16  Zergling x2  
  115  8:19  Hydralisk x5  
  126  8:21  Overlord  
  126  8:22  Overlord  
  130  8:31  Zerg Ground Armor Level 2, Zerg Missile Weapons Level 2  
  130  8:35  Zergling x4  
  130  8:37  Zergling x4  
  130  8:38  Zergling x2  
  130  8:39  Zergling x2  
  136  8:48  Hydralisk x3  
  125  9:16  Hatchery  
  92  9:18  Hydralisk x2  
  92  9:19  Hydralisk x2  
  92  9:22  Zergling x4  
  92  9:23  Hydralisk x5  
  92  9:24  Hydralisk  
  102  9:25  Zergling x2  
  102  9:27  Zergling x2  
  102  9:30  Zergling x2  
  102  9:31  Zergling x4  
  109  9:43  Drone x3  
  109  9:44  Hydralisk x2  
  116  9:46  Zergling x2  
  116  9:47  Zergling x2  
  116  9:49  Overseer  
  116  9:52  Zergling x2  
  119  9:53  Zergling x2  
  119  9:55  Zergling x4  
  119  9:56  Zergling x4  
  119  9:58  Zergling x2  
  119  9:59  Hydralisk  
  125  10:03  Hydralisk  
  129  10:07  Infestation Pit  
  129  10:08  Hydralisk  
  129  10:10  Zergling x2  
  131  10:15  Hydralisk  
  131  10:16  Hydralisk  
  114  10:39  Hydralisk x3  
  114  10:40  Hydralisk x2  
  114  10:41  Drone, Hydralisk x2  
  97  10:47  Drone x2  
  97  10:48  Queen  
  97  10:49  Hydralisk  
  103  10:53  Zergling x10  
  103  10:55  Hydralisk  
  110  11:00  Drone x2  
  110  11:02  Extractor  
  110  11:03  Drone, Extractor  
  110  11:04  Drone x3  
  113  11:10  Hive  
  114  11:13  Drone  
  115  11:28  Hydralisk  
  115  11:29  Hydralisk x4  
  115  11:31  Zergling x4  
  127  11:33  Zergling x2  
  127  11:38  Hatchery, Hydralisk  
  129  11:40  Hydralisk x2  
  133  11:47  Drone x3  
  133  11:50  Hydralisk  
  133  11:52  Zergling x8  
  133  11:53  Hydralisk  
  144  11:56  Hydralisk  
  146  12:02  Zergling x2  
  146  12:03  Zergling x6  
  146  12:04  Zergling x2  
  146  12:07  Spore Crawler  
  150  12:15  Zergling x8  
  127  12:16  Hydralisk x2  
  127  12:17  Hydralisk  
  132  12:25  Hydralisk  
  132  12:26  Hydralisk x3  
  118  12:39  Hydralisk  
  118  12:40  Hydralisk x2  
  124  12:48  Hydralisk x2  
  124  12:49  Hydralisk  
  124  12:50  Hydralisk  
  130  12:53  Drone  
  131  13:04  Hatchery  
  130  13:07  Drone  
  130  13:12  Hydralisk x2  
  135  13:23  Drone x2  
  135  13:25  Drone x2  
  135  13:26  Drone  
  140  13:27  Drone x2  
  140  13:29  Drone  
  143  13:36  Drone  
  143  13:40  Drone  
  145  13:43  Extractor  
  145  13:45  Extractor  
Tags
 
Add a new tag
Caveats
  • Supply blocks, unpowered buildings, or Contaminate may cause inaccurate times.
  • Supply counts are checked every 10 seconds.